 Dungeon Sprint DCSS version 0.27.1-33-g824d729ab1 (webtiles) character file.

Game seed: 2215419734864041333

610 Adenis the Cleaver (level 7, -4/79 HPs)
             Began as a Troll Berserker on Dec 4, 2021.
             Was a Priest of Trog.
             Succumbed to Sonja's poison
             ... in the Dungeon (Sprint I: "Red Sonja").
             The game lasted 00:01:45 (615 turns).

Adenis the Cleaver (Troll Berserker)                 Turns: 615, Time: 00:01:46

Health: -4/79      AC:  4    Str: 28    XL:     7   Next: 20%
Magic:  6/6        EV: 11    Int:  3    God:    Trog [***...]
Gold:   324        SH:  0    Dex:  9    Spells: 6/6 levels left

rFire    . . .     SeeInvis .   a - +0 hand axe
rCold    . . .     Faith    .   (no shield)
rNeg     . . .     Spirit   .   b - +0 animal skin
rPois    .         Reflect  .   (helmet restricted)
rElec    .         Harm     .   (no cloak)
rCorr    .         Rampage  .   (gloves unavailable)
Will     .....     NoTele   +   (boots unavailable)
Stlth    +.........             (no amulet)
HPRegen  1.23/turn              (no ring)
MPRegen  0.10/turn              (no ring)

@: lethally poisoned (-4 -> -35), on berserk cooldown
A: large, unfitting armour, claws 3, regeneration 1, shaggy fur 1, tough skin 1
a: Renounce Religion, Berserk, Trog's Hand


You were in the Dungeon.
You worshipped Trog.
Trog was most pleased with you.
You visited 1 branch You collected 324 gold pieces.

Inventory:

Hand Weapons
 a - a +0 hand axe (weapon)
Armour
 b - a +0 animal skin (worn)
Scrolls
 h - a scroll of blinking
Potions
 c - a potion of curing
 d - a potion of heal wounds
 e - a potion of haste
 f - 2 potions of magic
 g - a potion of berserk rage


   Skills:
 + Level 7.8 Fighting
 + Level 8.6 Axes
 + Level 7.4 Dodging
 + Level 0.7 Stealth


You had 6 spell levels left.
You didn't know any spells.
Your spell library was empty.

Dungeon Overview and Level Annotations

Branches:
Dungeon (1/1)

Altars:
Cheibriados
Dithmenos
Elyvilon
Fedhas
Gozag
Hepliaklqana
Kikubaaqudgha
Makhleb
Nemelex Xobeh
Okawaru
Qazlal
Ru
Sif Muna
Trog
Uskayaw
Vehumet
Wu Jian
Xom
Yredelemnul
Zin
The Shining One
Jiyva
Lugonu

Shops:
D *

Annotations:
D Sonja


Innate Abilities, Weirdness & Mutations

You are too large for most types of armour.
You have claws for hands.
Your natural rate of healing is unusually fast.
You are covered in fur. (AC +1)
You have tough skin. (AC +1)


Message History

You are more poisoned.
Unknown command.
Unknown command.
You miss Sonja.
Sonja is lightly wounded.
You feel very sick.
Sonja hits you with a +0 short sword of venom.
You are more poisoned.
Sonja hits you with a +0 short sword of venom.
You are more poisoned.
Sonja barely misses you.
You miss Sonja.
Sonja is lightly wounded.
You feel extremely sick. Sonja barely misses you. Sonja closely misses you. x2
You closely miss Sonja.
Sonja is lightly wounded.
You feel extremely sick.
Sonja hits you with a +0 short sword of venom!
Sonja hits you but does no damage.
Sonja hits you with a +0 short sword of venom.
Sonja shouts, "Hah!
Missed me again!"
Sonja hits you with a +0 short sword of venom!
* * * LOW HITPOINT WARNING * * *
Sonja hits you with a +0 short sword of venom.
* * * LOW HITPOINT WARNING * * *
You are lethally poisoned!
Sonja hits you with a +0 short sword of venom.
* * * LOW HITPOINT WARNING * * *
You barely miss Sonja.
Sonja is lightly wounded.
* * * LOW HITPOINT WARNING * * *
You feel extremely sick.
Sonja hits you with a +0 short sword of venom.
* * * LOW HITPOINT WARNING * * *
You are more poisoned.
Sonja closely misses you. x2
You miss Sonja.
Sonja is lightly wounded.
You die...

#..)..#..').#..'^.+
#..#####'#####'#__#
#..####..#...#)####
#..#__####..##.#
#..#_____##'#_.+
#⌠⌠#_.∩...'..._#
####_..__##_.#'#
#_____###'#.#
####### #@###


+$K$+ #$.$# ##.## #+# You could see Sonja.

Vanquished Creatures
  A slime creature (D)
  Sigmund (D)
  A yak (D)
  An ogre (D)
  A jelly (D)
  Ijyb (D)
6 creatures vanquished.

Notes
Turn   | Place    | Note
-------+----------+-------------------------------------------
     0 | D        | Adenis the Troll Berserker began the quest for the Orb.
     0 | D        | Reached XP level 1. HP: 22/22 MP: 0/0
     2 | D        | Noticed Ijyb
    10 | D        | Killed Ijyb
    11 | D        | Reached skill level 3 in Axes
    11 | D        | Reached XP level 2. HP: 30/32 MP: 1/1
   156 | D        | Noticed an ogre
   163 | D        | Killed an ogre
   164 | D        | Reached skill level 5 in Fighting
   164 | D        | Reached skill level 5 in Axes
   164 | D        | Reached XP level 3. HP: 20/42 MP: 2/2
   164 | D        | Reached XP level 4. HP: 24/50 MP: 3/3
   376 | D        | Noticed Sigmund
   382 | D        | Killed Sigmund
   382 | D        | Reached ** piety under Trog
   383 | D        | Reached skill level 6 in Axes
   383 | D        | Reached XP level 5. HP: 61/61 MP: 4/4
   456 | D        | Found a burning altar of Makhleb.
   456 | D        | Found a viscous altar of Jiyva.
   456 | D        | Found a shimmering altar of Xom.
   456 | D        | Found a corrupted altar of Lugonu.
   456 | D        | Noticed a slime creature
   468 | D        | Killed a slime creature
   469 | D        | Reached skill level 7 in Axes
   469 | D        | Reached XP level 6. HP: 71/71 MP: 5/5
   501 | D        | Found an ornate altar of the Wu Jian Council.
   501 | D        | Found a shimmering blue altar of Sif Muna.
   503 | D        | Found a radiant altar of Vehumet.
   508 | D        | Reached skill level 8 in Axes
   561 | D        | Found Paigeown's Assorted Antiques.
   561 | D        | Found an ancient bone altar of Kikubaaqudgha.
   561 | D        | Found a hazy altar of Hepliaklqana.
   561 | D        | Found a stormy altar of Qazlal.
   561 | D        | Found a hide-covered altar of Uskayaw.
   561 | D        | Found a blossoming altar of Fedhas.
   561 | D        | Found a bloodstained altar of Trog.
   561 | D        | Found an iron altar of Okawaru.
   561 | D        | Found a basalt altar of Yredelemnul.
   561 | D        | Found a glowing golden altar of the Shining One.
   561 | D        | Found a snail-covered altar of Cheibriados.
   561 | D        | Found a sacrificial altar of Ru.
   561 | D        | Found a glowing silver altar of Zin.
   561 | D        | Found a shadowy altar of Dithmenos.
   561 | D        | Found a white marble altar of Elyvilon.
   561 | D        | Noticed a yak
   569 | D        | Killed a yak
   569 | D        | Reached *** piety under Trog
   570 | D        | Reached XP level 7. HP: 79/79 MP: 6/6
   585 | D        | Found an opulent altar of Gozag.
   586 | D        | Found a sparkling altar of Nemelex Xobeh.
   607 | D        | Noticed Sonja
   614 | D        | HP: 3/79 [Sonja (4)]
   615 | D        | Succumbed to Sonja's poison

Illustrated notes

Levels and vault maps discovered:
D:        dungeon_sprint_1 [red_sonja_temple_1, red_sonja_temple_small_1]

Skill      XL: |  1  2  3  4  5  6 |
---------------+-------------------+-----
Fighting       | 3 5 6 7 |  7.8
Axes           | 3 5 6 7 8 |  8.6
Dodging        | 3 4 6 7 |  7.4
Stealth        | |  0.7

Action                   |  1- 3 |  4- 6 |  7- 9 || total
-------------------------+-------+-------+-------++-------
Melee: Hand axe          |    12 |    23 |     6 ||    41
Invok: Berserk           |     2 |     4 |       ||     6
Armor: Animal skin       |       |     1 |     2 ||     3
Dodge: Dodged            |     1 |     9 |    10 ||    20
